 Dungeon Crawl Stone Soup version 0.30-b1-2-g02819fbbbe (webtiles) character file.

Game seed: 4078264653520438006

59 nightchill the Chopper (level 4, 0/41 HPs)
             Began as a Hill Orc Fighter on Oct 5, 2023.
             Slain by Crazy Yiuf
             ... wielding a +3 quarterstaff of chaos
              (8 damage)
             ... on level 2 of the Dungeon.
             The game lasted 00:02:12 (1866 turns).

nightchill the Chopper (Hill Orc Fighter)           Turns: 1866, Time: 00:02:12

Health: 0/41       AC:  9    Str: 18    XL:     4   Next: 3%
Magic:  4/4        EV:  9    Int: 10    God:
Gold:   164        SH:  4    Dex: 10    Spells: 3/3 levels left

rFire   . . .        a - +0 war axe
rCold   . . .        c - +0 buckler
rNeg    . . .        b - +0 scale mail
rPois   .            (no helmet)
rElec   .            l - +1 cloak
rCorr   .            (no gloves)
SInv    .            (no boots)
Will    .....        (no amulet) Stlth
                     (no ring)
HPRegen 0.26/turn    (no ring)
MPRegen 0.09/turn

%: no passive effects
@: brilliant, lethally poisoned (0 -> -21)
A: no striking features
a: no special abilities


You were on level 2 of the Dungeon.
You visited 1 branch of the dungeon, and saw 2 of its levels.

You collected 164 gold pieces.

Inventory:

Hand Weapons
 a - a +0 war axe (weapon)
 f - a +1 dagger of venom
Armour
 b - a +0 scale mail (worn)
 c - a +0 buckler (worn)
 h - a +0 cloak
 l - a +1 cloak (worn)
Scrolls
 e - 6 scrolls of identify {unknown}
 g - a scroll of fog {unknown}
 m - a scroll of poison {unknown}
Potions
 d - a potion of might
 i - a potion of mutation {unknown}
 j - a potion of brilliance
 k - 2 potions of heal wounds {unknown}
 n - a potion of curing {unknown}
 o - a potion of haste {unknown}


   Skills:
 + Level 4.4 Fighting
 * Level 4.9 Axes
 - Level 3.2 Armour
 - Level 3.2 Shields


You had 3 spell levels left.
You didn't know any spells.
Your spell library was empty.

Dungeon Overview and Level Annotations

Branches:
Dungeon (2/15)

Altars:
Jiyva

Annotations:
D:1 2 runed translucent doors
D:2 Crazy Yiuf


Message History

You block the ball python's attack.
You slash the ball python!
You kill the ball python!
e - 5 scrolls labelled MEHADGH LARA (gained 1)
e - 6 scrolls labelled MEHADGH LARA (gained 1)
o - a lumpy amethyst potion You see here a rat skeleton.
Crazy Yiuf shouts!
Crazy Yiuf glowers.
Could not explore, unopened runed door.
Could not explore, unopened runed door.
Could not explore, unopened runed door.
You open the door. You closely miss Crazy Yiuf.
Crazy Yiuf screams, "Mugger!
Prologue Hive cower."
Crazy Yiuf barely misses you. Crazy Yiuf closely misses you.
You hit Crazy Yiuf but do no damage.
Crazy Yiuf hits you with a +3 quarterstaff of chaos.
You resist with some effort.
You hit Crazy Yiuf but do no damage.
Crazy Yiuf cries, "Shadow chair arga!"
Crazy Yiuf closely misses you.
You hit Crazy Yiuf but do no damage.
Crazy Yiuf hits you with a +3 quarterstaff of chaos.
Crazy Yiuf burns you.
You barely miss Crazy Yiuf.
Crazy Yiuf screams, "Ice!"
Crazy Yiuf closely misses you.
Crazy Yiuf hits you with a +3 quarterstaff of chaos.
Crazy Yiuf burns you.
You hit Crazy Yiuf but do no damage.
Crazy Yiuf hits you with a +3 quarterstaff of chaos!
* * * LOW HITPOINT WARNING * * *
You are lethally poisoned!
It was a potion of brilliance.
You feel clever all of a sudden.
* * * LOW HITPOINT WARNING * * *
You feel very sick.
Crazy Yiuf hits you with a +3 quarterstaff of chaos!
You die...

.###.##.##########
#.# .#
#.............#
#.# .#
####.########.#
#.# .# #.# ### ###
.# #.# ##
#.##♣♣♣♣♣
#..#..♣.♣♣♣ ###
##......♣..♣#...#
#......♣♣♣♣@g...#
###...#.♣♣ ♣♣#..)#
#....##♣♣ ###
#.#### #.# #.# ###
### # #.# #.# #.#
## #.# #.# #.#
.###.## #.# #.#


You could see Crazy Yiuf.

Vanquished Creatures
  A dart slug (D:1)
  5 endoplasms
  3 giant cockroaches
  8 goblins
  3 hobgoblins
  5 jackals
  A quokka (D:1)
  5 ball pythons
  6 bats
  6 frilled lizards
  4 kobolds
  6 rats
53 creatures vanquished.

Notes
Turn   | Place    | Note
-------+----------+-------------------------------------------
     0 | D:1      | nightchill the Hill Orc Fighter began the quest for the
                  | Orb.
     0 | D:1      | Reached XP level 1. HP: 19/19 MP: 1/1
    49 | D:1      | Found a large runed translucent door.
    49 | D:1      | Found a large runed translucent door.
    50 | D:1      | Noticed a jelly
    51 | D:1      | Noticed a jelly
    58 | D:1      | Noticed a jelly
    62 | D:1      | Found a viscous altar of Jiyva.
    62 | D:1      | Noticed a jelly
    63 | D:1      | Noticed a jelly
    98 | D:1      | Reached XP level 2. HP: 26/27 MP: 2/2
   448 | D:1      | Reached XP level 3. HP: 32/33 MP: 3/3
  1210 | D:2      | Found a runed translucent door.
  1211 | D:2      | Noticed Crazy Yiuf
  1743 | D:2      | Reached XP level 4. HP: 41/41 MP: 4/4
  1866 | D:2      | Slain by Crazy Yiuf

Illustrated notes

Levels and vault maps discovered:
D:1:      erik_arrival_cave_to_civilisation [erik_arrival_cave_to_temple],
          layout_loops_ring
D:2:      layout_loops_ring, grunt_ministairs_10, uniq_crazy_yiuf_cottage

Skill      XL: |  1  2 |
---------------+-------+-----
Axes           | 3 4 |  4.9
Fighting       | 4 |  4.4
Armour         | |  3.2
Shields        | |  3.2

Action                     |  1- 3 |  4- 6 || total
---------------------------+-------+-------++-------
  Melee: War axe           |   130 |    13 ||   143
    Use: Potion            |       |     1 ||     1
 Armour: Scale mail        |    78 |     5 ||    83
  Dodge: Dodged            |    71 |     6 ||    77
  Block: Buckler           |    34 |     3 ||    37
